AoeStats
← [CL] EnRolen

Arabia

507413520Analyzed
1v1 RM · 15d ago on Sep 18, 2026· 23m 1s· 2 players
Game mode
Random Map
Map size
Tiny (2 player)
Population
200
Speed
Normal
Resources
Standard
Victory
Conquest
Starting age
Dark Age
Ending age
Imperial Age
RankedLock teamsTeams togetherTeam positionsShared explorationLock speedFull tech treeHidden civsTurbo modeCheats
Victory
Defeat
🇨🇱 Persians · Chile
1253
+16
🇨🇴 Persians · Colombia
1261
-16
[CL] EnRolen
2:10 Loom
10:36 Feudal Age
11:49 Wheelbarrow
13:46 Double-Bit Axe
22:10 Castle Age
20:20 Horse Collar
21:24 Bloodlines
21:25 Forging
22:06 Scale Barding Armor
22:52 Hand Cart
ZIZKA
5:41 Loom
10:33 Feudal Age
11:57 Double-Bit Axe
17:08 Wheelbarrow
21:48 Castle Age
20:18 Gold Mining
21:46 Fletching
21:56 Padded Archer Armor
22:30 Bodkin Arrow
23:02 Bloodlines
Connection lost

Rejoining the realm…

Still unreachable

The connection could not be restored.

Session expired

The server has moved on; the page needs a fresh start.